 Dungeon Crawl Stone Soup version 0.27.1-1-g398f81649c (webtiles) character file.

Game seed: 1074561309891778167

8 ZARRMARR the Conjurer (level 2, -1/17 HPs)
             Began as an Octopode Conjurer on Sept 12, 2021.
             Slain by a jackal (2 damage)
             ... on level 1 of the Dungeon.
             The game lasted 00:00:27 (68 turns).

ZARRMARR the Conjurer (Octopode Conjurer)             Turns: 68, Time: 00:00:28

Health: -1/17      AC:  1    Str:  6    XL:     2   Next: 8%
Magic:  1/5        EV: 13    Int: 20    God:
Gold:   15         SH:  0    Dex: 10    Spells: 4/5 levels left

rFire    . . .     SeeInvis .   (no weapon)
rCold    . . .     Faith    .   (no shield)
rNeg     . . .     Spirit   .   (helmet restricted)
rPois    .         Reflect  .   (no amulet)
rElec    .         Harm     .   (no ring)
rCorr    .         Rampage  .   (no ring)
Will     .....                  (no ring)
Stlth    +++.......             (no ring)
HPRegen  0.05/turn              (no ring)
MPRegen  0.09/turn              (no ring)
                                (no ring)
                                (no ring)

@: no status effects
A: almost no armour, amphibious, 8 rings, camouflage 1, gelatinous body 1,
(nimble swimmer 1), tentacles
a: no special abilities


You were on level 1 of the Dungeon.
You visited 1 branch of the dungeon, and saw 1 of its levels.

You collected 15 gold pieces.

You aren't carrying anything.


   Skills:
 + Level 2.2 Dodging
 + Level 3.0 Stealth
 - Level 2.0 Spellcasting
 * Level 4.2 Conjurations


You had 4 spell levels left.
You knew the following spells:

 Your Spells              Type           Power      Damage    Failure   Level
a - Magic Dart            Conj           72%        1d6       2%          1

Your spell library contained the following spells:

 Spells                   Type           Power      Damage    Failure   Level
 Searing Ray              Conj           36%        3d4       4%          2
 Dazzling Flash           Conj/Hex       20%        N/A       21%         3
 Fulminant Prism          Conj/Hex       5%         3d7       54%         4
 Iskenderun's Mystic Bla  Conj/Tloc      10%        2d4       54%         4


Dungeon Overview and Level Annotations

Branches:
Dungeon (1/15)

Altars:


Innate Abilities, Weirdness & Mutations

You cannot wear most types of armour.
You are amphibious.
You can wear up to eight rings at the same time.
Your skin changes colour to match your surroundings (Stealth+).
Your rubbery body absorbs attacks. (AC +1, EV +1)
((You are camouflaged near water. (Stealth+)))
You have tentacles for arms and can constrict up to eight enemies at once.


Message History

You are too injured to fight recklessly!
You are too injured to fight recklessly!
You are too injured to fight recklessly!
You are too injured to fight recklessly!
Unknown command.
You are too injured to fight recklessly!
Casting: Magic Dart (safe; 3% risk of failure)
Confirm with . or Enter, or press ? or * to list all spells.
Aiming: Magic Dart (safe; 3% risk of failure)
Press: ? - help, Shift-Dir - straight line, f - jackal
Aim: a jackal (heavily wounded, constricted by you, 100% to hit)
The magic dart hits the jackal.
You kill the jackal!
Your Stealth skill increases to level 3!
You have reached level 2!
You closely miss the goblin. Your grab misses the goblin.
Your squeeze misses the goblin. The goblin hits you with a +0 dagger.
You are too injured to fight recklessly!
You are too injured to fight recklessly!
You are too injured to fight recklessly!
You are too injured to fight recklessly!
You barely miss the goblin. Your grab misses the goblin.
The goblin hits you with a +0 dagger.
You tentacle-slap the goblin. You grab the goblin.
The goblin is moderately wounded.
You constrict the goblin. The goblin hits you with a +0 dagger.
* * * LOW HITPOINT WARNING * * *
You tentacle-slap the goblin.
The goblin is severely wounded.
You constrict the goblin.
You kill the goblin!
You barely miss the jackal. You grab the jackal.
You constrict the jackal, but do no damage.
The jackal bites you.
* * * LOW HITPOINT WARNING * * *
The jackal closely misses you.
You tentacle-slap the jackal but do no damage.
You constrict the jackal, but do no damage.
The jackal bites you.
You die...

# .. ... .... #....
##########
#.....######........#
......h@...........†####
#.....######...........#
#.... ###########.. #...
##. #.. #. #. #. # #. #.
#.


You could see a jackal.

Vanquished Creatures
  A ball python (D:1)
  A bat (D:1)
  A goblin (D:1)
  3 jackals (D:1)
6 creatures vanquished.

Notes
Turn   | Place    | Note
-------+----------+-------------------------------------------
     0 | D:1      | ZARRMARR the Octopode Conjurer began the quest for the Orb.
     0 | D:1      | Reached XP level 1. HP: 11/11 MP: 3/3
    63 | D:1      | Reached XP level 2. HP: 9/17 MP: 0/5
    68 | D:1      | Slain by a jackal

Illustrated notes

Levels and vault maps discovered:
D:1:      dpeg_arrival_shrine, layout_rooms,
          shapermc_ecumenical_altar_hornbeckon, minmay_lizard_king

Skill      XL: |  1 |
---------------+----+-----
Stealth        | 3 |  3.0
Dodging        | |  2.2
Spellcasting   | |  2.0
Conjurations   | |  4.2

Action                   || total
-------------------------++-------
Melee: Unarmed           ||    19
       Constrict         ||     5
       Tentacles         ||     1
 Cast: Magic Dart        ||     5
Armor: Skin              ||     2
Dodge: Dodged            ||    11
